Map: Acropolis LE

Players

Mez

  • Race: Terran Terran
  • League: Master
  • Spawn Location: 11:00

llllllllllll - Winner!

  • Race: Zerg Zerg
  • League: Master
  • Spawn Location: 5:00

VOD

Have the link to the VOD?

Description

Time

  • Played on: Aug. 24, 2019, 8:14 p.m.
  • Length: 6:30
Show
View Real Time Build Order
Export as new Build Order

Mez Terran 

Build Orders: Reaper Expand 

Get SALT Encoding   

  12  0:00  SCV  
  13  0:12  SCV  
  14  0:17  Supply Depot  
  14  0:25  SCV  
  15  0:38  SCV  
  15  0:40  Barracks  
  16  0:45  Refinery  
  16  0:51  SCV  
  17  1:03  SCV  
  18  1:15  SCV  
  19  1:28  Orbital Command, Reaper  
  20  1:39  Command Center  
  20  1:48  Supply Depot  
  20  1:54  SCV  
  20  2:00  Marine  
  22  2:06  SCV  
  23  2:11  Factory  
  23  2:17  Refinery  
  23  2:22  Barracks Reactor  
  23  2:24  SCV  
  24  2:43  SCV  
  24  2:55  SCV  
  24  2:57  Starport  
  25  3:02  Orbital Command  
  25  3:05  Hellion x2  
  29  3:08  Barracks Tech Lab  
  28  3:13  SCV  
  29  3:26  SCV  
  34  3:27  Hellion x2  
  34  3:28  SCV  
  34  3:30  Supply Depot  
  35  3:35  Viking  
  35  3:36  Stimpack  
  35  3:39  SCV  
  35  3:40  SCV  
  39  3:42  Marine  
  40  3:54  Supply Depot  
  40  3:55  SCV x2  
  42  4:06  Starport Reactor, Barracks  
  42  4:07  Factory Reactor  
  42  4:10  Barracks  
  42  4:17  SCV x2  
  42  4:21  Marine  
  45  4:30  Command Center  
  45  4:33  SCV x2  
  47  4:39  Marine  
  47  4:45  SCV x2  
  50  4:48  Medivac x2  
  54  4:56  Marine  
  54  4:57  SCV x2, Supply Depot  
  57  5:01  Marine x2  
  59  5:08  Marine x2  
  59  5:11  SCV  
  59  5:13  SCV  
  62  5:15  Factory Tech Lab  
  62  5:21  Marine  
  48  5:40  Medivac  
  46  5:44  Factory Tech Lab  
  46  5:46  Marine  
  46  5:52  Marine x2  
  46  6:03  SCV x2  
Show
View Real Time Build Order
Export as new Build Order

llllllllllll Zerg - Winner!

Build Orders: Hatch First, Zergling Baneling 

Get SALT Encoding   

  12  0:01  Drone  
  13  0:12  Overlord  
  13  0:18  Drone  
  14  0:33  Drone x2  
  16  0:49  Hatchery  
  15  0:54  Drone  
  15  0:56  Drone  
  17  0:59  Drone  
  18  1:09  Extractor  
  17  1:14  Spawning Pool  
  17  1:17  Drone  
  17  1:20  Drone  
  18  1:28  Drone  
  19  1:40  Overlord  
  19  1:54  Drone  
  20  2:03  Queen x2  
  20  2:04  Zergling x4  
  26  2:11  Drone  
  26  2:14  Drone  
  28  2:17  Metabolic Boost  
  28  2:24  Drone x2  
  30  2:32  Drone  
  31  2:40  Drone  
  31  2:45  Drone x2  
  33  2:59  Drone  
  33  3:05  Baneling Nest  
  33  3:07  Drone  
  33  3:08  Overlord  
  33  3:09  Drone  
  35  3:14  Hatchery  
  34  3:20  Drone  
  34  3:22  Zergling x2  
  36  3:29  Zergling x8  
  40  3:40  Zergling x2  
  41  3:44  Zergling x2  
  41  3:48  Zergling x4  
  44  3:52  Overlord x2  
  44  4:09  Overlord x2  
  44  4:11  Zergling x6  
  47  4:17  Zergling x2  
  47  4:18  Zergling x6  
  47  4:19  Zergling x2  
  52  4:27  Zergling x2  
  52  4:28  Zergling x8  
  52  4:29  Queen  
  59  4:37  Overlord x2  
  59  4:43  Overlord  
  59  4:50  Baneling x14  
  59  4:51  Zergling x12  
  65  4:57  Zergling x4  
  67  5:02  Zergling x6  
  63  5:27  Zergling x22  
  65  5:34  Zergling x2  
  65  5:35  Zergling x2  
  63  5:39  Zergling x8  
  66  5:45  Zergling x4  
  67  5:53  Zergling x2  
  67  5:56  Zergling x4  
  69  5:59  Zergling x2  
  70  6:12  Zergling x16  
  70  6:14  Baneling x3  
  70  6:15  Baneling x6  
Tags
 
Add a new tag
Caveats
  • Supply blocks, unpowered buildings, or Contaminate may cause inaccurate times.
  • Supply counts are checked every 10 seconds.